 Dungeon Crawl Stone Soup version 0.27.1-33-g824d729ab1 (webtiles) character file.

Game seed: 4256703665997773771

14 belegose the Sneak (level 2, -1/23 HPs)
             Began as a Merfolk Brigand on Dec 13, 2021.
             Slain by a giant cockroach (2 damage)
             ... on level 1 of the Dungeon.
             The game lasted 00:01:45 (1013 turns).

belegose the Sneak (Merfolk Brigand)                Turns: 1013, Time: 00:01:46

Health: -1/23      AC:  3    Str: 11    XL:     2   Next: 41%
Magic:  2/2        EV: 11    Int: 10    God:
Gold:   45         SH:  3    Dex: 15    Spells: 1/1 levels left

rFire    . . .     SeeInvis .   a - +2 dagger
rCold    . . .     Faith    .   h - +0 buckler
rNeg     . . .     Spirit   .   b - +0 robe
rPois    .         Reflect  .   (no helmet)
rElec    .         Harm     .   c - +0 cloak
rCorr    .         Rampage  .   (no gloves)
Will     .....                  (no boots)
Stlth    +++.......             (no amulet)
HPRegen  0.07/turn              (no ring)
MPRegen  0.08/turn              (no ring)

@: no status effects
A: (nimble swimmer 2), mertail
a: no special abilities


You were on level 1 of the Dungeon.
You visited 1 branch of the dungeon, and saw 2 of its levels.

You collected 45 gold pieces.

Inventory:

Hand Weapons
 a - a +2 dagger (weapon)
Missiles
 d - 7 poisoned darts (quivered)
 g - 13 stones
Armour
 b - a +0 robe (worn)
 c - a +0 cloak (worn)
 h - a +0 buckler (worn)
Scrolls
 j - a scroll of teleportation {unknown}
Potions
 f - a potion of flight {unknown}
 i - 2 potions of might {unknown}


   Skills:
 + Level 2.4 Fighting
 + Level 2.7 Short Blades
 + Level 2.2 Throwing
 + Level 1.9 Dodging
 + Level 4.5 Stealth
 + Level 0.0 Shields


You had one spell level left.
You didn't know any spells.
Your spell library contained the following spells:

 Spells                   Type           Power      Damage    Failure   Level
 Slow                     Hex            0%         N/A       67%         2
 Confusing Touch          Hex            0%         N/A       88%         3
 Yara's Violent Unravell  Hex/Tmut       0%         3d3       100%        5


Dungeon Overview and Level Annotations

Branches:
Dungeon (2/15)

Altars:


Innate Abilities, Weirdness & Mutations

((You are quick and stealthy near water. (Stealth+, EV+, Speed+++)))
Your lower body shifts to a powerful aquatic tail in water.


Message History

The giant cockroach bites you but does no damage.
The quokka closely misses you.
You hit the quokka.
You kill the quokka!
The giant cockroach closely misses you. The worm bites you!
* * * LOW HITPOINT WARNING * * *
The giant cockroach bites you but does no damage.
The giant cockroach bites you.
* * * LOW HITPOINT WARNING * * *
The giant cockroach bites you but does no damage.
You block the bat's attack.
There is a stone staircase leading up here.
The bat hits you.
* * * LOW HITPOINT WARNING * * *
The giant cockroach bites you but does no damage.
You climb upwards.
There is a stone staircase leading down here.
Unknown command.
Throw: 2 darts (curare)
Press: ? - help, Q - select action, (/) - cycle Shift-Dir - straight line, f - giant cockroach
Aim: a giant cockroach (60% to hit)
You throw a curare-tipped dart.
The curare-tipped dart closely misses the giant cockroach.
The giant cockroach bites you but does no damage.
The giant cockroach barely misses you.
Throw: dart (curare)
Press: ? - help, Q - select action, (/) - cycle Shift-Dir - straight line, f/p - giant cockroach
Aim: a giant cockroach (60% to hit)
You throw a curare-tipped dart.
The curare-tipped dart closely misses the giant cockroach.
The giant cockroach bites you.
* * * LOW HITPOINT WARNING * * *
Throw: 8 darts (poison)
Press: ? - help, Q - select action, (/) - cycle Shift-Dir - straight line, f/p - giant cockroach
Aim: a giant cockroach (60% to hit)
You throw a poisoned dart.
The poisoned dart hits the giant cockroach.
The giant cockroach is poisoned.
The giant cockroach bites you.
You die...

# ###.........#####.##### #
#......###.## #...... # #.....##
##.# ####### # ####..# #.# #
#..## ##.# # # ####.#.###.##
##### # #..........# #.... #
#....B(.##.# #.### #
##..รท@...##.######.# # #
#...............##.# # #
#.............#.##.# #
############........##........# #
....................##...#.######
##############.....###.###.......
#########.##########
#...##...#### #....).#.....


You could see a giant cockroach (poisoned).

Vanquished Creatures
  2 endoplasms (D:1)
  2 hobgoblins (D:1)
  2 kobolds (D:1)
  3 quokkas
  A bat (D:1)
  A rat (D:1)
11 creatures vanquished.

Notes
Turn   | Place    | Note
-------+----------+-------------------------------------------
     0 | D:1      | belegose the Merfolk Brigand began the quest for the Orb.
     0 | D:1      | Reached XP level 1. HP: 16/16 MP: 1/1
   398 | D:1      | Reached XP level 2. HP: 15/23 MP: 2/2
  1009 | D:2      | HP: 1/23 [bat (1)]
  1013 | D:1      | Slain by a giant cockroach

Illustrated notes

Levels and vault maps discovered:
D:1:      dpeg_arrival_erosion, layout_loops_ring
D:2:      minmay_alternating_diamond, layout_rooms, basic_altar,
          minmay_misc_feat_room, st_stairs_11

Action                   || total
-------------------------++-------
Melee: Dagger            ||    48
Throw: Dart              ||     3
 Stab: Sleeping          ||     3
Armor: Robe              ||    22
Dodge: Dodged            ||    25
Block: Buckler           ||     3
